 Dungeon Crawl Stone Soup version 0.31-a0-229-g1fc7ce93e2 (webtiles) character file.

Game seed: 2431161778866927014

1556 qw the Skirmisher (level 8, -3/51 HPs)
             Began as a Gargoyle Hexslinger on July 6, 2023.
             Slain by a gnoll
             ... wielding a +0 halberd
             ... led by a gnoll bouda
              (7 damage)
             ... on level 6 of the Dungeon.
             The game lasted 00:02:18 (4846 turns).

qw the Skirmisher (Gargoyle Hexslinger)             Turns: 4846, Time: 00:02:18

Health: -3/51      AC: 16    Str: 13    XL:     8   Next: 88%
Magic:  9/9        EV: 11    Int: 13    God:
Gold:   290        SH:  0    Dex: 20    Spells: 8/9 levels left

rFire   . . .        Y - +2 sling
rCold   . . .        (no shield)
rNeg    + . .        j - +0 ring mail
rPois   inf          k - +0 helmet
rElec   +            (no cloak)
rCorr   .            (no gloves)
SInv    .            (no boots)
Will    .....        (no amulet)
Stlth   +            b - +4 ring of protection
HPRegen 0.28/turn    i - +6 ring of dexterity
MPRegen 0.11/turn

%: no passive effects
@: about to teleport
A: sickness immunity, AC +5, negative energy resistance 1, electricity
resistance, torment resistance 1, petrification resistance
a: no special abilities


You were on level 6 of the Dungeon.
You visited 1 branch of the dungeon, and saw 6 of its levels.

You collected 331 gold pieces.
You spent 41 gold pieces at shops.


Innate Abilities, Weirdness & Mutations

You are immune to sickness and miasma.
Your stone body is resilient. (AC +5)
You are immune to poison.
You resist negative energy. (rN+)
You are resistant to electric shocks. (rElec)
You are resistant to unholy torment.
You are immune to petrification.


   Skills:
 + Level 5.7 Fighting
 - Level 9.3 Ranged Weapons
 - Level 2.2 Armour
 - Level 2.0 Dodging
 - Level 1.0 Spellcasting
 - Level 2.6 Hexes


You had 8 spell levels left.
You knew the following spells:

 Your Spells              Type           Power      Damage    Failure   Level
a - Slow                  Hex            28%        N/A       21%         1

Your spell library contained the following spells:

 Spells                   Type           Power      Damage    Failure   Level
 Inner Flame              Hex/Fire       4%         N/A       71%         3
 Portal Projectile        Hex/Tloc       8%         N/A       71%         3
 Cause Fear               Hex            3%         N/A       89%         4

Inventory:

Hand Weapons
 Y - a +2 sling (weapon)
Armour
 j - a +0 ring mail (worn)
 k - a +0 helmet (worn)
Jewellery
 b - a +4 ring of protection (left hand)
 i - a +6 ring of dexterity (right hand)
Scrolls
 a - 2 scrolls of teleportation
 l - a scroll of identify
Potions
 f - a potion of haste
 g - a potion of resistance
 h - a potion of lignification {unknown}
 m - a potion of mutation {unknown}
 n - a potion of attraction {unknown}
 o - a potion of cancellation {unknown}
 p - a potion of invisibility {unknown}

Dungeon Overview and Level Annotations

Branches:
Dungeon (6/15)
 Temple: D:4-7

Altars:
Wu Jian
Zin
The Shining One

Shops:
D:2 *   D:3 *   D:4 :

Annotations:
D:4 3 runed translucent doors, qw's ghost, amateur GrFi


Message History

The gnoll bouda is heavily wounded.
The gnoll is no longer moving quickly. x2
The gnoll hits you but does no damage. The gnoll closely misses you.
The gnoll barely misses you. The gnoll hits you but does no damage.
The gnoll bouda closely misses you. The gnoll closely misses you.
You shoot a sling bullet. The sling bullet hits the gnoll bouda.
The gnoll bouda is severely wounded.
The gnoll hits you but does no damage. The gnoll closely misses you.
The gnoll barely misses you. x2
The gnoll bouda barks out a call to the hunt!
The gnolls pick up the pace!
The gnoll barely misses you.
You shoot a sling bullet.
The sling bullet hits the gnoll bouda but does no damage.
The gnoll bouda is severely wounded.
The gnoll is no longer moving quickly.
The gnoll hits you from afar with a +0 halberd!
The gnoll hits you but does no damage. The gnoll closely misses you. x2
The gnoll bouda barks out a call to the hunt!
The gnoll picks up the pace!
The gnoll hits you with a +0 whip.
You shoot a sling bullet.
The sling bullet hits the gnoll bouda but does no damage.
The gnoll bouda is severely wounded.
The gnoll hits you from afar with a +0 halberd.
The gnoll hits you but does no damage. x3
The gnoll bouda hits you with a +0 whip.
The gnoll hits you but does no damage.
4845 ||| READING 3 scrolls of teleportation.
As you read the scroll of teleportation, it crumbles to dust.
You feel strangely unstable. The gnoll misses you.
The gnoll hits you but does no damage. The gnoll closely misses you.
The gnoll hits you with a +0 flail.
The gnoll bouda hits you but does no damage.
The gnoll hits you but does no damage.
You shoot a sling bullet.
The sling bullet barely misses the gnoll bouda.
The sling bullet barely misses the gnoll.
The gnoll hits you from afar with a +0 halberd!
You die...

#....# #....# .###....#
........# ........#
........#
......gg######## # .
.....gg@........ ..##...
.......g.#########......
.....g..................
..................#.....
.........######.........
#.....#..........##.....
#####.<..#####.####.....
.............../....
......######.#.#.....


You could see a gnoll bouda and 5 gnolls.

Vanquished Creatures
  Grinder (D:6)
  A black bear (D:5)
  An ice beast (D:6)
  2 phantoms
  3 bullfrogs
  An elf skeleton (D:5)
  2 scorpions
  2 jellies
  4 hounds
  2 sleepcaps (D:5)
  3 iguanas
  3 human skeletons (D:5)
  3 orc wizards
  Robin (D:2)
  6 adders
  A shadow imp (D:6)
  A white imp (D:6)
  A worm (D:4)
  2 dart slugs
  9 orcs
  9 ball pythons
  4 bats
  5 endoplasms
  2 giant cockroaches
  16 goblins
  14 hobgoblins
  5 jackals
  8 kobolds
  9 quokkas
  3 frilled lizards
  2 orc zombies (D:5)
  2 rats (D:2)
128 creatures vanquished.

Notes
Turn   | Place    | Note
-------+----------+-------------------------------------------
     0 | D:1      | qw the Gargoyle Hexslinger began the quest for the Orb.
     0 | D:1      | Reached XP level 1. HP: 12/12 MP: 2/2
     0 | D:1      | 0 ||| qw: Version: 0.3-a-46-gb1f654a
     0 | D:1      | 0 ||| qw: Game counter: 1234
     0 | D:1      | 0 ||| qw: Melee chars always use a shield: true
     0 | D:1      | 0 ||| qw: God list: Okawaru
     0 | D:1      | 0 ||| qw: Allow faded altars: false
     0 | D:1      | 0 ||| qw: Do Orc after clearing Dungeon:15 true
     0 | D:1      | 0 ||| qw: Do second Lair branch before Depths: true
     0 | D:1      | 0 ||| qw: Lair rune preference: random
     0 | D:1      | 0 ||| qw: Goals: Normal
     0 | D:1      | 0 ||| PLANNING D:1-11
   199 | D:1      | Reached XP level 2. HP: 16/16 MP: 3/3
   361 | D:1      | Reached skill level 3 in Ranged Weapons
   512 | D:1      | Reached XP level 3. HP: 21/21 MP: 4/4
   653 | D:1      | 653 ||| UPGRADING to +0 leather armour.
   663 | D:1      | 663 ||| DROPPING +0 robe.
   664 | D:1      | 664 ||| READING scroll labelled TUMAOH FUCK.
   665 | D:1      | 665 ||| READING scroll labelled MUXAINL ZEFEQY.
   670 | D:1      | 670 ||| DROPPING scroll of poison.
   872 | D:2      | Found Tuerhet's Assorted Antiques.
   880 | D:2      | 880 ||| BUYING bubbling coppery potion (21 gold).
   880 | D:2      | Bought a bubbling coppery potion for 21 gold pieces
   880 | D:2      | 880 ||| SHOPLISTING emerald ring (120 gold, have 6).
   880 | D:2      | 880 ||| SHOPLISTING murky puce potion (21 gold, have 6).
   880 | D:2      | 880 ||| SHOPLISTING pair of boots (108 gold, have 6).
   880 | D:2      | 880 ||| SHOPLISTING ring mail (96 gold, have 6).
  1021 | D:2      | Reached XP level 4. HP: 26/26 MP: 5/5
  1075 | D:2      | Found an ornate altar of the Wu Jian Council.
  1103 | D:2      | Found a faded altar of an unknown god.
  1257 | D:2      | Reached skill level 4 in Ranged Weapons
  1265 | D:2      | Noticed Robin
  1279 | D:2      | Killed Robin
  1417 | D:2      | 1417 ||| UPGRADING to +0 helmet.
  1422 | D:2      | 1422 ||| UPGRADING to +4 ring of protection.
  1423 | D:2      | 1423 ||| READING scroll labelled WITYPETR IMAUL.
  1424 | D:2      | 1424 ||| READING scroll labelled HUXKIF JATILACH.
  1425 | D:2      | 1425 ||| DRINKING 2 bubbling coppery potions.
  1528 | D:3      | Reached XP level 5. HP: 30/30 MP: 6/6
  1765 | D:3      | HP: 4/30 [orc/+0 flail (7)]
  1766 | D:3      | 1766 ||| DRINKING potion of heal wounds.
  1805 | D:3      | Reached skill level 5 in Ranged Weapons
  1924 | D:3      | Found Errasif's General Store.
  1933 | D:3      | 1933 ||| SHOPLISTING +1 swamp dragon scales (570 gold, have
                  | 59).
  1933 | D:3      | 1933 ||| BUYING scroll of identify (20 gold).
  1933 | D:3      | Bought a scroll of identify for 20 gold pieces
  2097 | D:3      | Found a glowing golden altar of the Shining One.
  2175 | D:3      | 2175 ||| READING scroll labelled GIERUUB GEXAH.
  2176 | D:3      | 2176 ||| READING scroll labelled POUQUL NIGG.
  2177 | D:3      | 2177 ||| READING scroll labelled WOANAVVESO.
  2178 | D:3      | 2178 ||| READING scroll labelled ROCVITW VIRENU.
  2179 | D:3      | 2179 ||| DRINKING 2 white potions.
  2233 | D:4      | Reached skill level 3 in Fighting
  2348 | D:4      | Reached XP level 6. HP: 37/37 MP: 7/7
  2639 | D:4      | Found Cyuklan's Tremendous Tomes.
  2642 | D:4      | Found a runed translucent gate.
  2667 | D:4      | Noticed qw's ghost (amateur GrFi)
  2670 | D:4      | Found a runed translucent gate.
  2671 | D:4      | Found a runed translucent gate.
  2913 | D:4      | Reached skill level 6 in Ranged Weapons
  2917 | D:4      | Reached skill level 1 in Armour
  2962 | D:4      | Reached XP level 7. HP: 43/43 MP: 8/8
  3281 | D:4      | 3281 ||| UPGRADING to +0 ring mail.
  3291 | D:4      | 3291 ||| DROPPING +0 leather armour.
  3292 | D:4      | 3292 ||| READING scroll labelled JERONO CA HEORIF.
  3338 | D:5      | Entered Level 5 of the Dungeon
  3339 | D:5      | 3339 ||| PLANNING OSSUARY
  3344 | D:5      | 3344 ||| STAIRDANCE
  3522 | D:5      | Found an ornate altar of the Wu Jian Council.
  3530 | D:5      | Found a glowing silver altar of Zin.
  3828 | D:5      | Reached skill level 7 in Ranged Weapons
  3923 | D:5      | 3923 ||| DRINKING potion of curing.
  3923 | D:5      | 3923 ||| (to cure confusion)
  3946 | D:5      | 3946 ||| RIP OSSUARY
  3995 | D:5      | 3995 ||| PLANNING D:1-11
  4115 | D:5      | Reached skill level 8 in Ranged Weapons
  4115 | D:5      | Reached XP level 8. HP: 41/48 MP: 9/9
  4601 | D:5      | 4601 ||| UPGRADING to +6 ring of dexterity.
  4602 | D:5      | 4602 ||| DRINKING 2 metallic blue potions.
  4707 | D:5      | 4707 ||| DRINKING 3 golden potions.
  4708 | D:5      | 4708 ||| READING 3 scrolls of identify.
  4708 | D:5      | 4708 ||| IDENTIFYING smoky yellow potion
  4709 | D:5      | 4709 ||| READING 2 scrolls of identify.
  4709 | D:5      | 4709 ||| IDENTIFYING dark potion
  4710 | D:5      | 4710 ||| DROPPING potion of degeneration.
  4711 | D:5      | 4711 ||| DROPPING potion of berserk rage.
  4712 | D:5      | 4712 ||| DROPPING 2 potions of brilliance.
  4782 | D:6      | Noticed Grinder
  4791 | D:6      | Paralysed by Grinder for 3 turns
  4799 | D:6      | Killed Grinder
  4800 | D:6      | Reached skill level 9 in Ranged Weapons
  4844 | D:6      | HP: 9/51 [gnoll/+0 halberd[a gnoll bouda] (6)]
  4845 | D:6      | 4845 ||| READING 3 scrolls of teleportation.
  4845 | D:6      | HP: 3/51 [gnoll/+0 flail[a gnoll bouda] (2)]
  4846 | D:6      | Slain by a gnoll

Levels and vault maps discovered:
D:1:      minmay_arrival_doors, layout_basic
D:2:      layout_basic, basic_altar, serial_shops,
          nicolae_shop_competitors_out_of_business,
          dreamdust_ecumenical_altar_statues, uniq_robin
D:3:      layout_basic, tso_altar, serial_shops, nicolae_shop_stone,
          serial_bayou_pond_c
D:4:      minmay_inner_zag, layout_loops_ring, gammafunk_ghost_nasty_kobolds,
          nicolae_shop_i_like_big_books, hangedman_abyss_or_decor_stagger
D:5:      layout_basic, nicolae_overflow_squiral, serial_aquarium,
          aquarium_bridge_straight [aquarium_subvault_bridge,
          aquarium_subvault_wall, aquarium_subvault_bridge,
          aquarium_subvault_window], aquarium_bridge_long_separate
          [aquarium_subvault_wall, aquarium_subvault_wall,
          aquarium_subvault_bridge, aquarium_subvault_wall,
          aquarium_subvault_wall, aquarium_subvault_bridge], aquarium_window_1,
          aquarium_window_corner, aquarium_view_2f, aquarium_view_2a,
          aquarium_pool_2, nicolae_ossuary_entry_catacombs,
          kennysheep_generic_room_3
D:6:      layout_rooms, temple_green, uniq_grinder

Skill      XL: |  1  2  3  4  5  6  7  8 |
---------------+-------------------------+-----
Ranged Weapons | 3 4 5 6 8 9 |  9.3
Fighting       | 2 3 4 5 |  5.7
Armour         | 1 2 |  2.2
Dodging        | 2 |  2.0
Spellcasting   | |  1.0
Hexes          | |  2.6

Action                     |  1- 3 |  4- 6 |  7- 9 || total
---------------------------+-------+-------+-------++-------
   Fire: Sling             |   135 |   214 |   266 ||   615
    Use: Scroll            |     2 |     6 |     4 ||    12
         Potion            |       |     3 |     3 ||     6
 Armour: Robe              |    12 |       |       ||    12
         Leather armour    |    31 |    69 |     3 ||   103
         Ring mail         |       |       |   169 ||   169
         Skin              |       |       |     2 ||     2
  Dodge: Dodged            |    61 |    88 |   120 ||   269

Table legend:
 A = Non-vault XP
 B = Vault XP
 C = Vault XP percentage of total XP
 D = Non-vault monster count
 E = Vault monster count
 F = Vault count percentage of total count
                 A         B        C        D         E       F
            +---------+---------+-------+---------+---------+-------
      Total |    1416 |     808 |  36.3 |     100 |      28 |  21.9
            +---------+---------+-------+---------+---------+-------
        D:1 |      36 |       0 |   0.0 |      21 |       0 |   0.0
        D:2 |      57 |      40 |  41.2 |      19 |      13 |  40.6
        D:3 |      97 |       0 |   0.0 |      13 |       0 |   0.0
        D:4 |     373 |     144 |  27.9 |      24 |       6 |  20.0
        D:5 |     531 |     338 |  38.9 |      17 |       8 |  32.0
        D:6 |     322 |     286 |  47.0 |       6 |       1 |  14.3
            +---------+---------+-------+---------+---------+-------
